 Dungeon Crawl Stone Soup version 0.30-a0-702-gdf48620a09 (webtiles) character file.

Game seed: 7256115466242392634

392684 holysushi the Spry (level 23, -12/119 HPs)
             Began as a Vine Stalker Monk on Jan 21, 2023.
             Was an Initiate of Gozag.
             Mangled by a vault warden
             ... wielding the +9 short sword "Gischuck" {speed, Contam *Rage rElec rN+++}
              (36 damage)
             ... on level 5 of the Vaults.
             The game lasted 01:09:10 (45411 turns).

holysushi the Spry (Vine Stalker Monk)             Turns: 45411, Time: 01:09:11

Health: -12/119    AC: 13    Str: 15    XL:     23   Next: 13%
Magic:  0/55       EV: 36    Int: 16    God:    Gozag
Gold:   11792      SH: 22    Dex: 33    Spells: 54/58 levels left

rFire   + + +      SeeInvis +    Q - +8 arc blade {discharge, rElec}
rCold   + + .      Faith    .    T - +5 kite shield
rNeg    . . .      Spirit   +    e - +2 robe "Zugiam" {rPois rF++ Regen+ Int+2}
rPois   +          Reflect  .    b - +2 helmet {SInv}
rElec   +          Harm     .    O - scarf {rC+ rF+}
rCorr   .          Rampage  .    J - +0 pair of fencer's gloves {Riposte Dex+3}
Will    +++..                    j - +2 pair of boots
Stlth   +++++++                  m - amulet of regeneration
HPRegen 2.79/turn                q - ring of Compassion {rPois rC+ MP+9 Int-2}
MPRegen 0.34/turn                y - ring of Geguophedgh {rElec Will+ Int+6 Dex+3 Slay+2}

@: no status effects
A: fangs 3, regeneration 1, magic shield, antimagic bite, no potion heal 2,
iridescent scales 1
}: 2/15 runes: decaying, gossamer
a: Renounce Religion, Potion Petition, Call Merchant, Bribe Branch


You were on level 5 of the Vaults.
You worshipped Gozag.
Gozag was extremely pleased with you.
You visited 8 branches of the dungeon, and saw 39 of its levels.
You visited 3 bazaars.

You collected 19304 gold pieces.
You spent 4177 gold pieces at shops.
You paid 3335 gold pieces to Gozag.

Inventory:

Hand Weapons
 s - a +4 heavy rapier
 L - the +4 rapier of the Tent {venom, rF- rCorr Dex+6 SInv}
   (You found it on level 8 of the Dungeon)

   Dex:       It affects your dexterity (+6).
   rF:        It makes you vulnerable to fire.
   SInv:      It lets you see invisible.
   rCorr:     It protects you from acid and corrosion.
 Q - the +8 arc blade (weapon) {discharge, rElec}
   (You found it on level 9 of the Dungeon)

   rElec:     It insulates you from electricity.
Armour
 b - a +2 helmet of see invisible (worn)
 e - the +2 robe "Zugiam" (worn) {rPois rF++ Regen+ Int+2}
   (You bought it in a shop in a bazaar)

   Int:       It affects your intelligence (+2).
   rF:        It greatly protects you from fire.
   rPois:     It protects you from poison.
   Regen:     It increases your rate of health regeneration.
 g - a +0 tower shield
 j - a +2 pair of boots (worn)
 w - the +5 leather armour of the Swamp {Dex+2}
   (You bought it in a shop on level 1 of the Elven Halls)

   Dex:       It affects your dexterity (+2).
 J - the +0 pair of fencer's gloves (worn) {Riposte Dex+3}
   (You found it on level 3 of the Elven Halls)

   Riposte:   It allows the wearer to riposte with melee weapons, swiftly
   retaliating against missed or blocked melee attacks.
   Dex:       It affects your dexterity (+3).
 O - a scarf of resistance (worn)
 T - a +5 kite shield (worn)
Jewellery
 h - a ring of protection from fire
 m - an amulet of regeneration (around neck)
 q - the ring of Compassion (left hand) {rPois rC+ MP+9 Int-2}
   (You took it off a deep elf sorcerer on level 3 of the Elven Halls)

   [ring of magical power]

   Int:       It affects your intelligence (-2).
   rC:        It protects you from cold.
   rPois:     It protects you from poison.
   MP:        It affects your magic capacity (+9).
 x - the ring "Caeveuj" {rPois rN+ Will+++ rCorr Dex-4}
   (You took it off a deep elf master archer on level 3 of the Elven Halls)

   [ring of poison resistance]

   Dex:       It affects your dexterity (-4).
   rPois:     It protects you from poison.
   rN:        It protects you from negative energy.
   rCorr:     It protects you from acid and corrosion.
   Will:      It greatly increases your willpower.
 y - the ring of Geguophedgh (right hand) {rElec Will+ Int+6 Dex+3 Slay+2}
   (You acquired it on level 10 of the Dungeon)

   [ring of intelligence]

   Int:       It affects your intelligence (+6).
   Dex:       It affects your dexterity (+3).
   Slay:      It affects your accuracy & damage with ranged weapons and melee
   (+2).
   rElec:     It insulates you from electricity.
   Will:      It increases your willpower.
Wands
 f - a wand of light (30)
 l - a wand of iceblast (54)
 N - a wand of paralysis (39)
 P - a wand of digging (3)
Scrolls
 a - 3 scrolls of enchant armour
 n - 9 scrolls of immolation
 o - 7 scrolls of fog
 r - 5 scrolls of vulnerability
 t - 4 scrolls of blinking
 v - 4 scrolls of torment
 A - 26 scrolls of teleportation
 G - 5 scrolls of magic mapping
 K - 5 scrolls of fear
 M - 3 scrolls of silence
 R - 2 scrolls of butterflies
 S - 7 scrolls of poison
Potions
 c - 5 potions of ambrosia
 d - 5 potions of magic
 k - 21 potions of curing
 p - 6 potions of brilliance
 z - 13 potions of attraction
 C - 7 potions of haste
 D - 4 potions of flight
 F - 5 potions of resistance
 H - 3 potions of invisibility
 I - 6 potions of berserk rage
 V - 5 potions of might
 X - 8 potions of mutation
 Y - 5 potions of lignification
 Z - 5 potions of cancellation
Miscellaneous
 E - a condenser vane


   Skills:
 - Level 12.0 Fighting
 - Level 13.4 Short Blades
 - Level 20.0 Dodging
 - Level 15.0 Stealth
 - Level 15.0 Shields
 + Level 18.1 Spellcasting
 - Level 10.0 Translocations
 - Level 6.0 Evocations


You had 54 spell levels left.
You knew the following spells:

 Your Spells              Type           Power      Damage    Failure   Level
a - Manifold Assault      Tloc           46%        N/A       1%          4

Your spell library contained the following spells:

 Spells                   Type           Power      Damage    Failure   Level
 Blink                    Tloc           92%        N/A       1%          2
 Lesser Beckoning         Tloc           92%        N/A       1%          2
 Gell's Gravitas          Tloc           46%        N/A       1%          3
 Teleport Other           Tloc           46%        N/A       1%          3
 Passage of Golubria      Tloc           46%        N/A       1%          4
 Vhi's Electric Charge    Tloc/Air       60%        N/A       2%          3
 Kindle Blastsparks       Fire/Tloc/Air  50%        2d14      5%          3
 Freeze                   Ice            56%        1d7       7%          1
 Kiss of Death            Conj/Necr      56%        2d9       7%          1
 Magic Dart               Conj           56%        1d5       7%          1
 Sandblast                Erth           28%        2d8       7%          1
 Call Imp                 Summ           14%        N/A       11%         2
 Cigotuvi's Dreadful Rot  Necr/Pois/Air  28%        N/A       11%         2
 Ensorcelled Hibernation  Hex/Ice        28%        N/A       11%         2
 Passwall                 Tmut/Erth      11%        N/A       11%         2
 Poisonous Vapours        Pois/Air       28%        N/A       11%         2
 Scorch                   Fire           28%        2d6       11%         2
 Sublimation of Blood     Necr           14%        N/A       11%         2
 Wereblood                Tmut           14%        N/A       11%         2
 Confusing Touch          Hex            14%        N/A       21%         3
 Frozen Ramparts          Ice            28%        1d5       21%         3
 Hailstorm                Conj/Ice       14%        3d5       21%         3
 Ignite Poison            Fire/Tmut/Pois 14%        N/A       21%         3
 Mephitic Cloud           Conj/Pois/Air  14%        N/A       21%         3
 Spider Form              Tmut/Pois      14%        N/A       21%         3
 Summon Guardian Golem    Hex/Summ       14%        N/A       21%         3
 Anguish                  Hex/Necr       7%         N/A       56%         4
 Dispel Undead            Necr           14%        3d10      56%         4
 Flame Wave               Conj/Fire      14%        2d6       56%         4
 Fulminant Prism          Conj/Hex       7%         3d7       56%         4
 Petrify                  Tmut/Erth      14%        N/A       56%         4
 Arcjolt                  Conj/Air       7%         1d17      88%         5
 Borgnjor's Vile Clutch   Necr/Erth      7%         N/A       88%         5
 Fireball                 Conj/Fire      7%         3d5       88%         5
 Freezing Cloud           Conj/Ice/Air   7%         6-21      88%         5
 Irradiate                Conj/Tmut      7%         3d14      88%         5
 Iskenderun's Battlesphe  Conj           14%        2d7       88%         5
 Silence                  Hex/Air        7%         N/A       88%         5
 Yara's Violent Unravell  Hex/Tmut       7%         3d5       88%         5
 Death Channel            Necr           7%         N/A       100%        6
 Statue Form              Tmut/Erth      9%         N/A       100%        6
 Summon Cactus Giant      Summ           7%         N/A       100%        6
 Enfeeble                 Hex            7%         N/A       100%        7
 Orb of Destruction       Conj           7%         9d6       100%        7
 Spellforged Servitor     Conj/Summ      7%         N/A       100%        7
 Storm Form               Tmut/Air       7%         N/A       100%        7
 Lehudib's Crystal Spear  Conj/Erth      7%         10d3      100%        8
 Maxwell's Capacitive Co  Air            7%         ∞         100%        8
 Polar Vortex             Ice            7%         N/A       100%        9
 Animate Dead             Necr           Unusable   N/A       N/A         4
 Simulacrum               Ice/Necr       Unusable   N/A       N/A         6

Dungeon Overview and Level Annotations

Branches:
Dungeon (15/15) Zot: 24584  Temple (1/1) D:7 Zot: 5781    Lair (5/5) D:11 Zot: 24898
  Swamp (4/4) Lair:3 Zot: 19689  Spider (4/4) Lair:3 Zot: 18380   Slime (0/5) Lair:4
    Orc (2/2) D:11 Zot: 10020     Elf (3/3) Orc:2 Zot: 13473  Vaults (5/5) D:14 Zot: 23730
  Crypt (0/3) Vaults:2     Depths (0/4) D:15

Altars:
Ashenzari
Cheibriados
Dithmenos
Elyvilon
Fedhas
Gozag
Hepliaklqana
Kikubaaqudgha
Makhleb
Nemelex Xobeh
Okawaru
Qazlal
Ru
Sif Muna
Trog
Uskayaw
Vehumet
Wu Jian
Xom
Yredelemnul
Zin
The Shining One
Lugonu

Shops:
D:2 **![   D:14 [   Orc:1 :   Orc:2 [?=:   Elf:1 [?**   Vaults:1 !!*
Vaults:2 ?   Vaults:3 (   Vaults:4 [

Portals:
Abyss: Orc:2

Annotations:
Spider:2 3 runed translucent doors, relicbr's ghost, adept DsNe
Elf:2 3 runed translucent doors


Innate Abilities, Weirdness & Mutations

You have razor-sharp teeth.
Your natural rate of healing is unusually fast.
When hurt, damage is shared between your health and your magic reserves.
Your bite disrupts and absorbs the magic of your enemies.
Potions cannot restore your health.
You are partially covered in iridescent scales. (AC +2)


Message History

You bite the vault warden, but do no damage.
The vault warden is heavily wounded.
You block the vault warden's attack.
You are too injured to fight recklessly!
You impale the vault warden!!
The arc blade crackles.
The vault warden is struck by an arc of lightning!
The vault warden resists.
The vault warden is severely wounded.
You resist.
You are struck by an arc of lightning.
The vault warden is struck by an arc of lightning!
The vault warden resists.
The vault warden is severely wounded.
The lightning grounds out.
Your bite misses the vault warden.
The vault warden is severely wounded.
You block the vault warden's attack.
You puncture the vault warden! Your bite misses the vault warden.
The vault warden is almost dead.
You block the vault warden's attack.
Press: ? - help, v - describe, . - travel
Here: a vault warden, wielding the +9 short sword "Gischuck" {speed, Contam *Rage rElec rN+++}, wearing a +0 plate armour, wearing a +0 kite shield and wearing a +5 ring of evasion (almost dead, berserk, magic disrupted)
The floor, spattered with blood.
Okay, then.
You hit the vault warden. You bite the vault warden.
The vault warden's magic leaks into the air.
You drain its magic.
You feel invigorated.
The vault warden is almost dead.
The vault warden hits you with the +9 short sword "Gischuck" {speed, Contam *Rage rElec rN+++}!!!
* * * LOW HITPOINT WARNING * * *
You block the vault warden's attack. The vault warden blocks your attack.
You bite the vault warden, but do no damage.
The vault warden is almost dead.
You block the vault warden's attack. The vault warden blocks your attack.
Your bite misses the vault warden.
The vault warden is almost dead.
The vault warden hits you with the +9 short sword "Gischuck" {speed, Contam *Rage rElec rN+++}!
* * * LOW HITPOINT WARNING * * *
The vault warden hits you with the +9 short sword "Gischuck" {speed, Contam *Rage rElec rN+++}!!!
You die...
Your body crumbles into a pile of gold.

$ #..#... $#..#...
#####..#... .......#...
........... ........$.$
###################.[[$.
....................)[<<
......p@.....[[[...=[<$$
.............$...).[$$<<
.................[......
###################.....
.......)$.$)$.
..........#...
.......$..#...
........$.#...
..........#...


You could see a vault warden (berserk, magic disrupted).

Vanquished Creatures
  2 dread liches (Vaults:5)
  Bai Suzhen (Vaults:4)
  the Lernaean hydra (Swamp:4)
  A golden dragon (Vaults:5)
  A tentacled monstrosity (Vaults:5)
  2 deep elf blademasters (Elf:3)
  A lich (Vaults:1)
  Asterion (Elf:1)
  Mlioglotl (Swamp:3)
  2 titans (Vaults:4)
  2 deep elf master archers (Elf:3)
  3 sphinxes
  A quicksilver dragon (Vaults:5)
  3 shadow dragons
  Kirke (Swamp:2)
  Donald (Vaults:2)
  4 tengu reavers
  A storm dragon (Vaults:5)
  Roxanne (D:15)
  A fenstrider witch (Swamp:2)
  2 frost giants
  A thorn hunter (Swamp:3)
  2 fire giants (Vaults:5)
  6 deep elf sorcerers
  17 vault wardens
  4 ghost moths
  8 emperor scorpions
  Aizul (Spider:4)
  2 orc warlords (Vaults:2)
  A curse skull (Vaults:2)
  6 deep elf elementalists (Elf:3)
  19 ironbound preservers
  2 stone giants
  5 broodmothers
  4 war gargoyles
  A vampire knight (Vaults:2)
  7 eleionomae
  17 very ugly things
  9 deep elf demonologists
  10 ironbound thunderhulks
  7 dire elephants
  Azrael (Orc:2)
  9 deep elf annihilators
  4 spark wasps
  9 deep elf death magi
  10 bunyips
  Snorg (Lair:4)
  The ghost of wormed the Fighter, a journeyman DsVM of Vehumet (Lair:4)
  4 deep elf high priests
  5 ettins
  Josephine (Spider:1)
  A fire dragon (D:14)
  5 crystal guardians
  29 vault guards
  3 entropy weavers
  2 great orbs of eyes
  Erolcha (Orc:2)
  2 shambling mangroves (Swamp:4)
  6 peacekeepers
  10 yaktaur captains
  2 ogre magi (Orc:2)
  26 hydras
  3 radroaches
  The ghost of Wiilli the Geomancer, a journeyman GrEE of Hepliaklqana (D:13)
  A death knight (D:14)
  6 jorogumos
  9 ironbound frosthearts
  8 centaur warriors
  11 alligators
  5 boulder beetles
  5 two-headed ogres
  17 dancing weapons
  13 death yaks
  3 orc high priests
  Urug (Lair:2)
  7 spriggans
  17 deep elf knights
  2 sun moths (Spider:4)
  3 skeletal warriors
  A shadow wraith (Vaults:2)
  4 pharaoh ants
  A goliath frog (Swamp:1)
  Lodul (D:10)
  An iron troll (D:14)
  A glowing orange brain (Vaults:2)
  3 spriggan druids
  A death drake (Swamp:1)
  10 orb spiders
  39 deep trolls
  An obsidian statue (Vaults:2)
  9 swamp dragons
  13 deep elf archers
  Pikel (D:7)
  6 phantasmal warriors
  12 bog bodies
  18 ironbound convokers
  6 wizards
  4 necromancers
  10 orc sorcerers
  3 steelbarb worms
  5 harpies (Vaults:1)
  4 orc knights
  A tengu zombie (Vaults:3)
  19 deep elf zephyrmancers
  33 deep elf pyromancers
  20 wolf spiders
  12 lindwurms
  3 moths of wrath
  2 manticores (D:11)
  A cyclops (shapeshifter) (Elf:3)
  14 ugly things
  A frost giant zombie (Vaults:3)
  A human zombie (Vaults:4)
  4 will-o-the-wisps
  4 cyclopes
  A salamander (D:15)
  8 black mambas
  14 elephants
  A black mamba (shapeshifter) (D:14)
  A fire giant skeleton (Vaults:3)
  Maurice (D:8)
  A water nymph (shapeshifter) (Vaults:5)
  2 gargoyles
  7 demonic crawlers
  18 vault sentinels
  2 torpor snails
  A cane toad (shapeshifter) (D:13)
  Maggie (D:7)
  11 cane toads
  3 rime drakes
  A freezing wraith (Vaults:5)
  An unseen horror (D:11)
  3 kobold demonologists
  30 yaktaurs
  5 komodo dragons
  A queen bee (Spider:2)
  11 tyrant leeches
  5 trolls
  A tengu simulacrum (Vaults:2)
  3 meliai (Spider:2)
  A polar bear (Lair:3)
  A polar bear (shapeshifter) (Elf:1)
  28 tarantellas
  A wind drake (shapeshifter) (D:13)
  7 hornets
  Prince Ribbit (D:7)
  16 blink frogs
  10 dream sheep (Lair:5)
  36 slime creatures
  A culicivora (shapeshifter) (D:14)
  26 jumping spiders
  A frost giant simulacrum (Vaults:4)
  3 shadows (D:11)
  A spriggan (shapeshifter) (Vaults:5)
  3 air elementals
  18 culicivoras
  2 vampires
  An unseen horror simulacrum (D:9)
  4 water elementals
  3 hogs (Swamp:2)
  7 wraiths
  32 yaks
  6 basilisks
  5 wyverns
  5 fire elementals
  A golden eye (shapeshifter) (D:14)
  45 redbacks
  2 steam dragons
  20 vampire mosquitoes
  Menkaure (D:7)
  3 wargs
  3 acid dragons
  17 swamp worms
  17 water moccasins
  12 swamp drakes
  3 hell hounds (Orc:2)
  21 orc warriors
  An ice beast (D:6)
  4 sky beasts
  5 black bears
  18 ogres
  16 wolves
  A boggart (Vaults:1)
  8 centaurs
  3 kobold brigands
  2 phantoms
  Blork the orc (D:4)
  A necrophage (D:5)
  A scorpion (D:4)
  5 earth elementals
  3 bullfrogs (Lair:3)
  3 human simulacra
  25 killer bees
  11 howler monkeys
  An electric eel (Spider:4)
  10 orc priests
  A gnoll bouda (D:8)
  A hound (D:4)
  6 iguanas
  4 jellies
  41 orc wizards
  4 yak simulacra (Lair:5)
  3 wolf simulacra (Lair:5)
  10 gnolls
  5 adders
  A white imp (D:6)
  2 worms
  5 dart slugs
  66 orcs
  5 bats
  2 endoplasms
  5 giant cockroaches
  3 jackals (D:2)
  13 kobolds
  2 quokkas (D:1)
  8 ball pythons
  4 frilled lizards
  11 goblins
  4 rats
  4 river rat simulacra (Lair:5)
1501 creatures vanquished.

Vanquished Creatures (others)
  A ghost moth (Spider:4)
  A deep elf death mage (Elf:3)
  14 foxfires
  32 fungi
  2 lurking horrors (Orc:2)
  53 plants
103 creatures vanquished.

Grand Total: 1604 creatures vanquished

Notes
Turn   | Place    | Note
-------+----------+-------------------------------------------
     0 | D:1      | holysushi the Vine Stalker Monk began the quest for the
                  | Orb.
     0 | D:1      | Reached XP level 1. HP: 11/11 MP: 2/2
   105 | D:1      | Reached XP level 2. HP: 16/16 MP: 3/3
  1046 | D:2      | Found Tonuxe's Distillery.
  1051 | D:2      | Bought a potion of curing for 42 gold pieces
  1084 | D:2      | Found Veamouc's Armour Shoppe.
  1087 | D:2      | Found a burning altar of Makhleb.
  1095 | D:2      | Reached XP level 3. HP: 19/19 MP: 4/4
  1277 | D:2      | Gained mutation: Your natural rate of healing is unusually
                  | fast. [Vine Stalker growth]
  1277 | D:2      | Reached XP level 4. HP: 23/23 MP: 3/5
  1314 | D:2      | Found Ukhy's General Store.
  1474 | D:2      | Found Jeis's Assorted Antiques.
  1641 | D:2      | Reached skill level 5 in Short Blades
  1662 | D:2      | Reached XP level 5. HP: 27/27 MP: 4/6
  2483 | D:3      | Found a faded altar of an unknown god.
  2483 | D:3      | Noticed a red devil
  2740 | D:4      | Gained mutation: You are partially covered in iridescent
                  | scales. (AC +2) [potion of mutation]
  2755 | D:4      | Reached XP level 6. HP: 29/32 MP: 3/7
  2897 | D:4      | Noticed a black bear
  2903 | D:4      | Noticed Blork the orc
  3215 | D:4      | Killed a black bear
  3216 | D:4      | Reached XP level 7. HP: 20/35 MP: 5/8
  3827 | D:4      | Killed Blork the orc
  4038 | D:2      | Bought a runed short sword for 114 gold pieces
  4185 | D:5      | Entered Level 5 of the Dungeon
  4207 | D:5      | Gained mutation: You have razor-sharp teeth. [Vine Stalker
                  | growth]
  4207 | D:5      | Reached XP level 8. HP: 39/39 MP: 9/9
  4874 | D:6      | Reached skill level 10 in Short Blades
  5152 | D:6      | Reached XP level 9. HP: 43/43 MP: 10/10
  5432 | D:7      | Noticed Maggie
  5466 | D:7      | Killed Maggie
  5715 | D:7      | Found a staircase to the Ecumenical Temple.
  5755 | Temple   | Entered the Ecumenical Temple
  5954 | Temple   | Became a worshipper of Gozag Ym Sagoz the Greedy
  5991 | D:7      | Noticed Prince Ribbit
  5997 | D:7      | Killed Prince Ribbit
  6063 | D:7      | Noticed Menkaure
  6072 | D:7      | Killed Menkaure
  6224 | D:7      | Found a snail-covered altar of Cheibriados.
  6472 | D:7      | Noticed Pikel
  6527 | D:7      | Killed Pikel
  6528 | D:7      | Reached skill level 3 in Dodging
  6528 | D:7      | Reached XP level 10. HP: 46/49 MP: 11/11
  6642 | D:7      | Reached skill level 5 in Stealth
  6756 | D:7      | Found a hazy altar of Hepliaklqana.
  6757 | D:7      | Found a shadowy altar of Dithmenos.
  7210 | D:2      | Bought a potion of resistance for 140 gold pieces
  7210 | D:2      | Bought a potion of attraction for 42 gold pieces
  7210 | D:2      | Bought a potion of brilliance for 56 gold pieces
  7273 | D:2      | Bought a scroll of identify for 22 gold pieces
  7273 | D:2      | Bought a scroll of identify for 22 gold pieces
  7273 | D:2      | Bought a potion of berserk rage for 55 gold pieces
  7353 | D:2      | Bought a +1 pair of gloves for 115 gold pieces
  7600 | D:8      | Found a glowing golden altar of the Shining One.
  7771 | D:8      | Reached skill level 4 in Dodging
  7775 | D:8      | Reached skill level 1 in Shields
  7803 | D:8      | Reached skill level 5 in Fighting
  7901 | D:8      | Noticed a deep elf pyromancer
  7901 | D:8      | Noticed a gargoyle
  7922 | D:8      | Killed a gargoyle
  8053 | D:8      | Noticed a kobold demonologist
  8056 | D:8      | Killed a kobold demonologist
  8098 | D:8      | Noticed a four-headed hydra
  8106 | D:8      | Killed a deep elf pyromancer
  8107 | D:8      | Reached skill level 1 in Evocations
  8112 | D:8      | Killed a four-headed hydra
  8113 | D:8      | Reached skill level 5 in Dodging
  8137 | D:8      | Identified the +4 rapier of the Tent {venom, rF- rCorr
                  | Dex+6 SInv}
  8243 | D:8      | Noticed Maurice
  8255 | D:8      | Killed Maurice
  8311 | D:8      | Reached XP level 11. HP: 49/56 MP: 12/12
  8464 | D:8      | Noticed a two-headed ogre
  8474 | D:8      | Killed a two-headed ogre
  8575 | D:9      | Noticed a boulder beetle
  8576 | D:9      | Noticed a white ugly thing
  8598 | D:8      | Killed a boulder beetle
  8599 | D:8      | Reached skill level 6 in Dodging
  8603 | D:8      | Killed a white ugly thing
  8761 | D:9      | Noticed a boulder beetle
  8777 | D:9      | Killed a boulder beetle
  8805 | D:9      | Noticed a centaur warrior
  8806 | D:9      | Noticed a centaur warrior
  8808 | D:9      | Found the +8 arc blade {discharge, rElec}
  8817 | D:9      | Killed a centaur warrior
  8829 | D:9      | Killed a centaur warrior
  9248 | D:9      | Reached skill level 1 in Spellcasting
  9403 | D:10     | Entered Level 10 of the Dungeon
  9404 | D:10     | Noticed Lodul
  9640 | D:10     | Killed Lodul
  9890 | D:10     | Found a blossoming altar of Fedhas.
  9981 | D:10     | Reached XP level 12. HP: 59/62 MP: 17/17
 10082 | D:10     | Found a burning altar of Makhleb.
 10175 | D:10     | Identified a scroll of acquirement
 10181 | D:10     | Acquired the ring of Geguophedgh {rElec Will+ Int+6 Dex+3
                  | Slay+2}
 10213 | D:11     | Identified the +1 leather armour of Fun {-Cast Rampage
                  | rPois Slay-3}
 10341 | D:11     | Reached skill level 7 in Dodging
 10465 | D:11     | Reached skill level 5 in Spellcasting
 10592 | D:11     | Noticed a two-headed ogre
 10596 | D:11     | Killed a two-headed ogre
 10597 | D:11     | Reached skill level 8 in Dodging
 10816 | D:11     | Found a staircase to the Lair.
 10834 | D:11     | Noticed a two-headed ogre
 10844 | D:11     | Killed a two-headed ogre
 10845 | D:11     | Reached skill level 9 in Dodging
 11046 | D:11     | Acquired 848 gold pieces
 11145 | D:11     | Found a staircase to the Orcish Mines.
 11319 | Lair:1   | Entered Level 1 of the Lair of Beasts
 11564 | Lair:1   | Reached XP level 13. HP: 60/67 MP: 20/23
 12056 | Lair:2   | Reached skill level 10 in Dodging
 12423 | Lair:2   | Noticed Urug
 12430 | Lair:2   | Killed Urug
 13005 | Lair:3   | Reached skill level 11 in Dodging
 13005 | Lair:3   | Reached skill level 10 in Stealth
 13161 | Lair:3   | Found a staircase to the Swamp.
 13577 | Lair:3   | Found a hole to the Spider Nest.
 13940 | Lair:4   | Reached skill level 12 in Dodging
 14053 | Lair:4   | Noticed Snorg
 14072 | Lair:4   | Killed Snorg
 14079 | Lair:4   | Reached XP level 14. HP: 29/72 MP: 15/24
 14349 | Lair:4   | Found a staircase to the Slime Pits.
 14581 | Lair:4   | Found a runed translucent gate.
 14581 | Lair:4   | Found a runed translucent gate.
 14582 | Lair:4   | Found a runed translucent gate.
 14851 | Lair:4   | Noticed wormed's ghost (journeyman DsVM)
 14866 | Lair:4   | Killed wormed's ghost
 14913 | Lair:5   | Entered Level 5 of the Lair of Beasts
 15555 | Lair:5   | Reached skill level 13 in Dodging
 15668 | Lair:5   | Got An Early Guide to Spellwork
 16016 | Orc:1    | Entered Level 1 of the Orcish Mines
 16130 | Orc:1    | Found Oguisafeu's Book Shoppe.
 16352 | Orc:2    | Entered Level 2 of the Orcish Mines
 16359 | Orc:2    | Reached XP level 15. HP: 71/75 MP: 27/29
 16886 | Orc:2    | Found a corrupted altar of Lugonu.
 16887 | Orc:2    | Found a one-way gate to the infinite horrors of the Abyss.
 17010 | Orc:2    | Found a staircase to the Elven Halls.
 17010 | Orc:2    | Noticed Azrael
 17024 | Orc:2    | Killed Azrael
 17145 | Orc:2    | Found Ceixaqom's Book Shop.
 17240 | Orc:2    | Found an ancient bone altar of Kikubaaqudgha.
 17283 | Orc:2    | Noticed Erolcha
 17292 | Orc:2    | Killed Erolcha
 17310 | Orc:2    | Found a radiant altar of Vehumet.
 17368 | Orc:2    | Found Rufake's Magic Scroll Boutique.
 17400 | Orc:2    | Found Yhigh's Antique Armour Shop.
 17403 | Orc:2    | Bought a scroll of teleportation for 39 gold pieces
 17403 | Orc:2    | Bought 3 scrolls of identify for 78 gold pieces
 17483 | Orc:2    | Found Arhumuet's Jewellery Boutique.
 17722 | D:12     | Found the +6 shillelagh "Devastator" {shatter}
 17726 | D:12     | Found a flickering gateway to a bazaar.
 17742 | Bazaar   | Entered a bazaar
 17763 | Bazaar   | Found Hywn's Magic Scroll Emporium.
 17768 | Bazaar   | Bought a scroll of enchant armour for 142 gold pieces
 17768 | Bazaar   | Bought a scroll of enchant armour for 142 gold pieces
 17779 | Bazaar   | Found Buoxaast's Antique Weapon Shoppe.
 17795 | Bazaar   | Found Nysanavu's Weapon Shoppe.
 18222 | D:12     | Reached skill level 10 in Spellcasting
 18278 | D:12     | You fall into a shaft and drop 1 floor!
 18494 | D:13     | Identified the +5 rapier "Mostifeg" {freeze, rElec rF+ rC+
                  | Int+2}
 18534 | D:13     | Found a runed translucent door.
 18535 | D:13     | Noticed Wiilli's ghost (journeyman GrEE)
 19081 | D:13     | Killed Wiilli's ghost
 19347 | D:14     | Reached skill level 14 in Dodging
 19363 | D:14     | Found a gate to the Vaults.
 19559 | D:14     | Reached skill level 15 in Stealth
 20173 | D:15     | Entered Level 15 of the Dungeon
 20346 | D:15     | Identified Roxanne's Quarto of Quicksand
 20346 | D:15     | Noticed Roxanne
 20644 | D:15     | Found a staircase to the Depths.
 20963 | D:15     | Killed Roxanne
 21575 | Swamp:1  | Entered Level 1 of the Swamp
 21587 | Swamp:1  | Reached XP level 16. HP: 74/80 MP: 29/31
 21599 | Swamp:1  | Reached skill level 15 in Dodging
 22385 | Swamp:2  | Noticed a fenstrider witch
 22387 | Swamp:2  | Noticed Mlioglotl
 22388 | Swamp:2  | Killed a fenstrider witch
 22789 | Swamp:2  | Noticed Kirke
 22802 | Swamp:2  | Killed Kirke
 23068 | Swamp:2  | Noticed a profane servitor
 23096 | Swamp:3  | Killed Mlioglotl
 23765 | Swamp:3  | Reached skill level 16 in Dodging
 23941 | Swamp:3  | Noticed a thorn hunter
 23945 | Swamp:3  | Killed a thorn hunter
 24228 | Swamp:4  | Entered Level 4 of the Swamp
 24260 | Swamp:4  | Reached skill level 10 in Fighting
 24323 | Swamp:4  | Reached XP level 17. HP: 85/89 MP: 30/32
 25386 | Swamp:4  | Noticed the 27-headed Lernaean hydra
 25399 | Swamp:4  | Killed the 27-headed Lernaean hydra
 25472 | Swamp:4  | Got a decaying rune of Zot
 25474 | Swamp:4  | Identified the +5 trident "Vyottutz" {spect, +Blink rElec
                  | rC- rCorr}
 25964 | Spider:1 | Entered Level 1 of the Spider Nest
 26002 | Spider:1 | Noticed Josephine
 26016 | Spider:1 | Killed Josephine
 26221 | Spider:1 | Reached skill level 17 in Dodging
 27077 | Spider:2 | Reached skill level 5 in Evocations
 27301 | Spider:2 | Found a runed translucent gate.
 27309 | Spider:2 | Found a runed translucent gate.
 27309 | Spider:2 | Found a runed translucent gate.
 27319 | Spider:2 | Noticed relicbr's ghost (adept DsNe)
 27401 | Spider:2 | Reached XP level 18. HP: 87/98 MP: 27/33
 28598 | Spider:3 | Identified the +0 leather armour of Duck's Teeth {rC+
                  | Regen+}
 29007 | Spider:3 | Reached skill level 18 in Dodging
 29243 | Spider:4 | Entered Level 4 of the Spider Nest
 29409 | Spider:4 | Noticed Aizul
 29440 | Spider:4 | Killed Aizul
 30431 | Spider:4 | HP: 4/98 [emperor scorpion (6)]
 30431 | Spider:4 | HP: 1/98 [emperor scorpion (3)]
 30603 | Spider:4 | Reached skill level 19 in Dodging
 30811 | Spider:4 | Got a gossamer rune of Zot
 31752 | Elf:1    | Entered Level 1 of the Elven Halls
 31865 | Elf:1    | Found Guiriuh's Magic Scroll Emporium.
 31902 | Elf:1    | Bought a scroll of enchant armour for 127 gold pieces
 31902 | Elf:1    | Bought a scroll of enchant armour for 127 gold pieces
 31902 | Elf:1    | Bought a scroll of teleportation for 51 gold pieces
 31902 | Elf:1    | Bought a scroll of teleportation for 51 gold pieces
 31902 | Elf:1    | Bought a scroll of teleportation for 51 gold pieces
 31925 | Elf:1    | Reached XP level 19. HP: 41/102 MP: 13/34
 32009 | Elf:1    | Noticed Asterion
 32014 | Elf:1    | Paralysed by an air elemental for 1 turns
 32036 | Elf:1    | Killed Asterion
 32747 | Elf:1    | Reached skill level 5 in Shields
 33271 | Elf:1    | Bought a shimmering ring mail for 360 gold pieces
 33271 | Elf:1    | Identified the +0 ring mail of the Beggar {Dex+3} (You
                  | bought it in a shop on level 1 of the Elven Halls)
 33271 | Elf:1    | Bought a distressingly furry leather armour for 280 gold
                  | pieces
 33271 | Elf:1    | Identified the +5 leather armour of the Swamp {Dex+2} (You
                  | bought it in a shop on level 1 of the Elven Halls)
 33271 | Elf:1    | Bought a slimy scale mail for 360 gold pieces
 33271 | Elf:1    | Identified the +8 scale mail of Beigan {rF+} (You bought it
                  | in a shop on level 1 of the Elven Halls)
 33326 | Elf:2    | Found a gateway to a bazaar.
 33344 | Elf:2    | Reached skill level 20 in Dodging
 33399 | Bazaar   | Entered a bazaar
 33403 | Bazaar   | Found Niodiuph's Magic Scroll Boutique.
 33409 | Bazaar   | Bought a scroll of fear for 36 gold pieces
 33409 | Bazaar   | Bought a scroll of teleportation for 27 gold pieces
 33409 | Bazaar   | Bought a scroll of blinking for 67 gold pieces
 33409 | Bazaar   | Bought a scroll of fear for 36 gold pieces
 33428 | Bazaar   | Found Coreott's Antique Weapon Emporium.
 33488 | Bazaar   | Found Racom's Magic Scroll Shoppe.
 33493 | Bazaar   | Bought a scroll of teleportation for 30 gold pieces
 33493 | Bazaar   | Bought a scroll of teleportation for 30 gold pieces
 33493 | Bazaar   | Bought a scroll of fear for 40 gold pieces
 33535 | Bazaar   | Found Recleqol's Antique Weapon Shoppe.
 33582 | Bazaar   | Found Fedd's Magic Scroll Emporium.
 33587 | Bazaar   | Bought a scroll of teleportation for 42 gold pieces
 33587 | Bazaar   | Bought a scroll of teleportation for 42 gold pieces
 33587 | Bazaar   | Bought a scroll of teleportation for 42 gold pieces
 33587 | Bazaar   | Bought a scroll of teleportation for 42 gold pieces
 33642 | Elf:2    | Noticed a Hell Sentinel
 33836 | Elf:2    | Found a runed translucent gate.
 33836 | Elf:2    | Found a runed translucent gate.
 33837 | Elf:2    | Found a runed translucent gate.
 34510 | D:2      | Bought a +0 helmet of see invisible for 115 gold pieces
 34938 | Elf:3    | Entered Level 3 of the Elven Halls
 35671 | Elf:3    | Identified the +2 shortbow of Ashenzari's Hope {freeze,
                  | rPois rN+ Int-3}
 36381 | Elf:3    | Identified the ring "Caeveuj" {rPois rN+ Will+++ rCorr
                  | Dex-4}
 36448 | Elf:3    | Reached skill level 10 in Shields
 36487 | Elf:3    | Identified the ring of Compassion {rPois rC+ MP+9 Int-2}
 36525 | Elf:3    | Identified the +3 short sword of the Vulture {heavy, Drain
                  | rCorr SInv Stlth+}
 36525 | Elf:3    | Identified the +0 leather armour of the Trilobite {SInv}
 36545 | Elf:3    | Reached XP level 20. HP: 58/107 MP: 33/35
 37066 | Elf:3    | Found the +0 pair of fencer's gloves {Riposte Dex+3}
 37069 | Elf:3    | Got the Notes on Destruction
 37148 | Elf:3    | Identified the +1 scale mail of the Good {Regen+}
 38215 | Vaults:1 | Entered Level 1 of the Vaults
 38628 | Vaults:1 | Identified the +3 troll leather armour of Meusie {Regen+
                  | Int+3}
 38900 | Vaults:1 | Found Celekhoy's General Store.
 38903 | Vaults:1 | Bought a scroll of enchant armour for 150 gold pieces
 38903 | Vaults:1 | Bought a scroll of blinking for 150 gold pieces
 39066 | Vaults:1 | Found Yranoul's Distillery.
 39098 | Vaults:1 | Bought a potion of haste for 130 gold pieces
 39098 | Vaults:1 | Bought 2 potions of haste for 260 gold pieces
 39098 | Vaults:1 | Bought a potion of mutation for 104 gold pieces
 39098 | Vaults:1 | Bought a potion of mutation for 104 gold pieces
 39113 | Vaults:1 | Found Nickoow's Distillery.
 39822 | Vaults:2 | Found a staircase to the Crypt.
 39838 | Vaults:2 | Reached skill level 15 in Shields
 39917 | Vaults:2 | You fall into a shaft and drop 2 floors!
 40109 | Vaults:4 | Reached XP level 21. HP: 110/111 MP: 36/36
 40294 | Vaults:4 | Found Fastoche's Antique Armour Boutique.
 41704 | Vaults:3 | Found Teg Umast's Antique Weapon Shop.
 41965 | Vaults:3 | Learned a level 4 spell: Manifold Assault
 42068 | Vaults:2 | Found a gateway to a bazaar.
 42080 | Bazaar   | Entered a bazaar
 42107 | Bazaar   | Found Opsefoph's General Store.
 42123 | Bazaar   | Found Igeaklog's General Store.
 42128 | Bazaar   | Bought a scroll of enchant armour for 105 gold pieces
 42139 | Bazaar   | Found Zuososer's Distillery.
 42139 | Bazaar   | Found Tauwi's Antique Armour Shoppe.
 42144 | Bazaar   | Bought a shadowed robe for 119 gold pieces
 42144 | Bazaar   | Identified the +2 robe "Zugiam" {rPois rF++ Regen+ Int+2}
                  | (You bought it in a shop in a bazaar)
 42255 | Vaults:2 | Reached skill level 1 in Translocations
 42767 | Vaults:2 | Reached skill level 15 in Spellcasting
 42873 | Vaults:2 | Reached XP level 22. HP: 115/115 MP: 42/42
 42921 | Vaults:2 | Reached skill level 5 in Translocations
 43183 | Vaults:2 | Identified the +1 triple crossbow of the Doomed Warrior
                  | {flame, rN+}
 43221 | Vaults:2 | Noticed Donald
 43232 | Vaults:2 | Killed Donald
 43346 | Vaults:2 | Found Wucrybro's Magic Scroll Boutique.
 43359 | Vaults:2 | Bought a scroll of blinking for 90 gold pieces
 44089 | Vaults:5 | Entered Level 5 of the Vaults
 44121 | Vaults:5 | Noticed a golden dragon
 44151 | Vaults:5 | Killed a golden dragon
 44154 | Vaults:5 | Noticed Bai Suzhen
 45071 | Vaults:5 | Noticed a dread lich
 45090 | Vaults:4 | Killed Bai Suzhen
 45140 | Vaults:5 | Killed a dread lich
 45196 | Vaults:5 | Reached skill level 10 in Translocations
 45222 | Vaults:5 | Identified the +2 hand axe of Severance {pain, Dex+4}
 45234 | Vaults:5 | Reached XP level 23. HP: 119/119 MP: 45/45
 45300 | Vaults:5 | Noticed a dread lich
 45316 | Vaults:5 | Killed a dread lich
 45392 | Vaults:5 | Identified the +9 short sword "Gischuck" {speed, Contam
                  | *Rage rElec rN+++}
 45411 | Vaults:5 | Mangled by a vault warden

Illustrated notes

Levels and vault maps discovered:
D:1:      heliophobic_arrival_battle_scene, layout_basic
D:2:      layout_basic, serial_shops, shop, nicolae_square_shop, shop,
          nicolae_shop_trees, basic_altar, chequers_serial_rivers_micro_d
D:3:      layout_loops_ring, dreamdust_ecumenical_altar_sealed_demon
D:4:      layout_basic, st_stairs_6, uniq_blork_the_orc
D:5:      layout_rooms
D:6:      layout_cave_pools
D:7:      layout_loops_corners, riverfiend_overflow_shadow_ancestor,
          cheibrodos_worm_habitat, minmay_temple_entry_wispy, uniq_menkaure,
          uniq_pikel, uniq_maggie, uniq_prince_ribbit1
D:8:      layout_basic, mainiacjoe_overflow_24_doors, minmay_hedge_maze,
          minmay_evil_grid, uniq_maurice
D:9:      minmay_cut_squares, layout_basic, kennysheep_generic_room_14
D:10:     layout_loops_ring, mainiacjoe_overflow_small_starburst,
          fedhas_altar_1, uniq_lodul
D:11:     minmay_bubble_buster, layout_small_grid, david_lair_generic,
          david_orc_4
D:12:     layout_loops_ring, serial_shops, bzr_entry_road
D:13:     layout_basic, gammafunk_ghost_grave
D:14:     layout_roguey, david_vaults_4
D:15:     hangedman_depths_entry_try_elsewhere_first, layout_loops_ring,
          minmay_misc_feat_alley, uniq_roxanne
Temple:   nicolae_temple_slightly_damp_pantheon
Lair:1:   layout_gridlike
Lair:2:   layout_chaotic_city, nicolae_lair_grove_arrangements,
          chequers_serial_rivers_small_3, uniq_urug
Lair:3:   layout_regular_city, swamp_mist, spider_nest_entry_rubble,
          grunt_megastairs_2, infiniplex_staircase_pool
Lair:4:   layout_hall_layers, slime_entry_1, ebering_ghost_rock_garden,
          st_stairs_3, uniq_snorg
Lair:5:   hangedman_lair_in_review, layout_misc_corridors,
          eino_house_with_fridge
Swamp:1:  layout_falls_marsh, evilmike_swamp_ruin_house_1
Swamp:2:  layout_basic_swamp, hangedman_swamp_ruin_hall, swamp_pool3,
          hangedman_swamp_wriggling, uniq_mlioglotl, uniq_kirke
Swamp:3:  layout_basic_swamp, nicolae_swamp_decorative_isthmus, swamp_pool5,
          nicolae_swamp_round_clearing, ldierk_geyser
Swamp:4:  grunt_swamp_rune_castle, layout_basic_swamp, swamp_pool1
Spider:1: layout_spider_delve, nicolae_spider_spiderdrome,
          hangedman_spider_tarantella_strand, uniq_josephine
Spider:2: nicolae_spider_hilbert_zone_7 [nicolae_spider_hilbert_4_sides_1_open,
          nicolae_spider_hilbert_4_sides_1_open,
          nicolae_spider_hilbert_4_sides_1_open,
          nicolae_spider_hilbert_4_sides_1_open,
          nicolae_spider_hilbert_3_sides_1_open,
          nicolae_spider_hilbert_3_sides_1_open,
          nicolae_spider_hilbert_3_sides_1_open,
          nicolae_spider_hilbert_3_sides_1_open,
          nicolae_spider_hilbert_4_sides_1_open,
          nicolae_spider_hilbert_4_sides_1_open,
          nicolae_spider_hilbert_4_sides_1_open,
          nicolae_spider_hilbert_2_sides_1_open,
          nicolae_spider_hilbert_2_sides_1_open,
          nicolae_spider_hilbert_2_sides_1_open,
          nicolae_spider_hilbert_2_sides_1_open,
          nicolae_spider_hilbert_2_sides_1_open,
          nicolae_spider_hilbert_2_sides_1_open], ebering_ghost_rock_garden,
          nicolae_looking_at_the_future
Spider:3: layout_chambers
Spider:4: guppyfry_spider_rune, uniq_aizul
Orc:1:    layout_caves, serial_shops, shop
Orc:2:    kennysheep_orc_mage_school, layout_caves,
          amcnicky_altar_lugonu_corruption, uniq_erolcha, uniq_azrael
Elf:1:    nicolae_elf_arrival_no_cutting_in_line, layout_loops_corners,
          serial_shops, nicolae_square_shop, hangedman_elf_represent,
          uniq_asterion
Elf:2:    elven_hall_of_blades_hangedman_original
          [nicolae_blade_entry_pointy_end], layout_rooms, serial_shops,
          bzr_entry_dummy
Elf:3:    elf_hall, layout_loops_corners, grunt_megastairs_4, uniq_louise
Vaults:1: nicolae_vaults_specimen_jars, nicolae_vaults_network_star,
          ontoclasm_vaults_ring_large, ontoclasm_vaults_shuriken,
          vaults_mumra_minichess_inversion, hangedman_vaults_stretched_pinwheel,
          hangedman_vaults_snaps, ontoclasm_vaults_ligature, v_pattern_2,
          nicolae_vaults_little_squares_2, vaults_room_hangedman_quadrants,
          layout_vaults_omnigrid, serial_shops, nicolae_shop_window_shopping,
          shop, nicolae_shop_trees
Vaults:2: nicolae_vaults_border_crossing, vaults_dpeg_encased_lava, v_misc_1,
          nicolae_vaults_c_with_doors, v_misc_4, vaults_standard_mumra_x,
          nicolae_vaults_yaktaur_gun_rack, ontoclasm_vaults_bender, v_misc_14,
          v_misc_1, vaults_room_mumra_shop_pool, layout_vaults_big_room,
          minmay_crypt_entry_simple_statues, serial_shops, statue_bzr,
          uniq_donald
Vaults:3: nicolae_vaults_arrows, vaults_dpeg_spiral, ontoclasm_vaults_spin,
          v_misc_30, v_misc_2, v_misc_15, nicolae_vaults_inception_statues,
          vaults_room_octagon, nicolae_vaults_alarming,
          hangedman_vaults_restitches, grunt_vaults_hallway_short,
          vaults_dpeg_diagonal, st_lines, layout_vaults_omnibox, serial_shops,
          shop
Vaults:4: hangedman_vaults_stretched_pinwheel, grunt_vaults_hallway_long,
          nicolae_vaults_network_quincunx
          [nicolae_vaults_network_quincunx_subvault,
          nicolae_vaults_network_quincunx_subvault,
          nicolae_vaults_network_quincunx_subvault,
          nicolae_vaults_network_quincunx_subvault,
          nicolae_vaults_network_quincunx_subvault], hangedman_vaults_stagger,
          nicolae_vaults_asterisk, v_alt_pattern_6, ontoclasm_vaults_misaligned,
          vaults_mumra_lcd, v_misc_31, ontoclasm_vaults_idyll, v_misc_24,
          vaults_mumra_bighexcomb, layout_vaults_omnicross, serial_shops, shop
Vaults:5: uniq_bai_suzhen

Skill      XL: |  1  2  3  4  5  6  7  8  9 10 11 12 13 14 15 16 17 18 19 20 21 22 23 |
---------------+----------------------------------------------------------------------+-----
Short Blades   | 3 4 5 6 7 8 10 11 13 | 13.4
Fighting       | 4 6 7 10 12 | 12.0
Stealth        | 4 5 6 10 13 15 | 15.0
Dodging        | 3 5 6 9 12 13 14 16 17 19 20 | 20.0
Shields        | 4 10 15 | 15.0
Evocations     | 2 5 6 |  6.0
Spellcasting   | 3 6 9 10 15 17 18 | 18.1
Translocations | 4 10 | 10.0

Action                   |  1- 3 |  4- 6 |  7- 9 | 10-12 | 13-15 | 16-18 | 19-21 | 22-24 || total
-------------------------+-------+-------+-------+-------+-------+-------+-------+-------++-------
Melee: Short sword       |    89 |   204 |   293 |   130 |       |       |       |       ||   716
       Bite              |    28 |    55 |   109 |   149 |   271 |   497 |   608 |   284 ||  2001
       Punch             |       |     1 |     5 |       |       |       |       |       ||     6
       Unarmed           |       |       |     5 |       |       |       |       |       ||     5
       Rapier            |       |       |       |   303 |   726 |  1210 |  1069 |   398 ||  3706
Invok: Call Merchant     |       |       |       |       |       |       |     4 |       ||     4
Evoke: Wand              |       |       |       |     4 |     3 |     3 |     7 |       ||    17
       Condenser vane    |       |       |       |       |       |       |       |     1 ||     1
  Use: Scroll            |       |     5 |       |    13 |     8 |    10 |    12 |     9 ||    57
       Potion            |       |     2 |       |       |       |     5 |     2 |     1 ||    10
 Stab: Sleeping          |     3 |     7 |     3 |    14 |    41 |    45 |    44 |     8 ||   165
       Invisible         |       |       |       |     6 |     4 |     1 |       |       ||    11
       Distracted        |       |       |       |     2 |    13 |    25 |    26 |     4 ||    70
       Confused          |       |       |       |       |       |     1 |       |     4 ||     5
Armor: Robe              |    23 |    60 |    46 |       |       |       |     2 |    16 ||   147
       Skin              |       |    11 |     2 |       |       |       |       |       ||    13
       Steam dragon scal |       |       |    10 |   112 |   104 |   111 |       |       ||   337
       Leather armour    |       |       |       |       |       |    54 |    49 |       ||   103
Dodge: Dodged            |    57 |    98 |   122 |   213 |   431 |  1124 |   425 |   239 ||  2709
Block: Buckler           |       |       |       |    68 |   139 |   299 |     8 |       ||   514
       Kite shield       |       |       |       |       |       |       |   551 |   311 ||   862
       Rpst.: Rapier     |       |       |       |       |       |       |   145 |   103 ||   248

Table legend: (Time is in decaauts)
 A = Elapsed time spent in this place.
 B = Non-inter-level travel time spent in this place.
 C = Inter-level travel time spent in this place.
 D = Time resting spent in this place.
 E = Time spent auto-exploring this place.
 F = Levels seen in this place.
 G = Mean time per level.
                   A        B        C        D        E       F      G
               +--------+--------+--------+--------+--------+-----+--------+
         Total |  44009 |  38043 |   5966 |   2640 |  25879 |  42 | 1047.8 |
       Dungeon |  15584 |  12494 |   3090 |    680 |   9002 |  15 | 1038.9 |
        Temple |    218 |    164 |     54 |      0 |    147 |   1 |  218.0 |
          Lair |   5101 |   4357 |    744 |     42 |   3421 |   5 | 1020.2 |
         Swamp |   4310 |   4143 |    167 |    641 |   2137 |   4 | 1077.5 |
   Spider Nest |   5619 |   5209 |    410 |    299 |   3693 |   4 | 1404.8 |
  Orcish Mines |   1979 |   1538 |    441 |      4 |   1155 |   2 |  989.5 |
   Elven Halls |   4526 |   4175 |    351 |    944 |   2016 |   3 | 1508.7 |
        Vaults |   6269 |   5563 |    706 |     29 |   3991 |   5 | 1253.8 |
        Bazaar |    399 |    399 |      0 |      0 |    315 |   3 |  133.0 |
               +--------+--------+--------+--------+--------+-----+--------+

Top non-repeatable levels by time:
Spider:4: 2278 daAuts
   Elf:3: 2222 daAuts
   Elf:1: 1763 daAuts
Vaults:1: 1678 daAuts
     D:2: 1626 daAuts
    D:11: 1533 daAuts
Vaults:3: 1508 daAuts
Vaults:2: 1410 daAuts
Vaults:4: 1409 daAuts
     D:7: 1327 daAuts
Spider:3: 1281 daAuts
   Orc:2: 1251 daAuts
 Swamp:4: 1235 daAuts
Spider:2: 1173 daAuts
     D:8: 1164 daAuts
